 Dungeon Crawl Stone Soup version 0.21.1-1-g345015f (webtiles) character file.

695 inc the Cudgeler (level 7, -3/52 HPs)
             Began as a Demonspawn Monk on June 9, 2018.
             Was a Believer of Okawaru.
             Slain by an orc warrior
             ... wielding a +0 halberd
              (14 damage)
             ... on level 6 of the Dungeon.
             The game lasted 00:08:14 (5335 turns).

inc the Cudgeler (Demonspawn Monk)                  Turns: 5335, Time: 00:08:15

Health: -3/52      AC: 17    Str: 11    XL:     7   Next: 37%
Magic:  0/10       EV:  6    Int: 13    God:    Okawaru [**....]
Gold:   205        SH:  0    Dex: 16    Spells: 6/6 levels left

rFire    . . .     SeeInvis .   n - +2 mace (protect)
rCold    + . .     Gourm    .   (no shield)
rNeg     . . .     Faith    .   k - +0 chain mail
rPois    .         Spirit   +   (helmet restricted)
rElec    .         Reflect  .   u - +0 cloak
rCorr    .         Harm     .   (no gloves)
MR       .....                  (no boots)
Stlth    ..........             (no amulet)
HPRegen  0.17/turn              r - ring of stealth
MPRegen  0.24/turn              s - +5 ring of protection

@: hasted, very quick
A: horns 1, thin metallic scales 1, cold resistance 1, magic shield, magic
regeneration
a: Heroism, Renounce Religion


You were on level 6 of the Dungeon.
You worshipped Okawaru.
Okawaru was pleased with you.
You were not hungry.

You visited 1 branch of the dungeon, and saw 6 of its levels.

You collected 205 gold pieces.

Inventory:

Hand Weapons
 a - a +0 mace
 n - a +2 mace of protection (weapon)
Armour
 b - a +0 robe
 k - a +0 chain mail (worn)
 u - a +0 cloak (worn)
 y - a cursed +0 pair of gloves
Jewellery
 r - a ring of stealth (left hand)
 s - a +5 ring of protection (right hand)
 t - an uncursed ring of positive energy
Wands
 x - a wand of random effects (24)
Scrolls
 e - 5 scrolls of identify
 f - a scroll of remove curse {unknown}
 h - 2 scrolls of fear {unknown}
 j - 3 scrolls of enchant armour {unknown}
 m - a scroll of fog {unknown}
 o - 3 scrolls of teleportation {unknown}
 p - a scroll of magic mapping {unknown}
 q - 2 scrolls of amnesia {unknown}
Potions
 g - a potion of haste
 l - a potion of resistance
 v - a potion of mutation
 w - a potion of flight
Comestibles
 c - 3 rations


   Skills:
 - Level 3.0 Fighting
 + Level 5.1 Maces & Flails
 - Level 3.6 Armour
 - Level 4.2 Dodging
 - Level 1.7 Stealth
 + Level 4.2 Invocations


You had 6 spell levels left.
You didn't know any spells.

Dungeon Overview and Level Annotations

Branches:
Dungeon (6/15)             Temple (0/1) D:4

Altars:
Elyvilon
Gozag
Okawaru
Vehumet
Xom
Zin

Annotations:
D:5 Sigmund


Innate Abilities, Weirdness & Mutations

You have a pair of small horns on your head.
You are partially covered in thin metallic scales. (AC +2)
Your flesh is cold resistant. (rC+)
When hurt, damage is shared between your health and your magic reserves.
You regenerate magic rapidly.


Message History

You kill the orc warrior!
Okawaru accepts your kill.
Your Maces & Flails skill increases to level 5!
Your Invocations skill increases to level 4!
The orc wizard mumbles some strange words.
The orc wizard blinks!
The orc warrior hits you from afar with a halberd.
* * * LOW HITPOINT WARNING * * *
The orc warrior hits you with a halberd!
* * * LOW HITPOINT WARNING * * *
Things that are here:
a trident; a plate armour Your chain mail prevents you from hitting the orc warrior.
The orc warrior hits you but does no damage.
Okay, then.
You feel better.
The orc warrior hits you but does no damage.
You feel yourself speed up.
The orc warrior hits you with a halberd!
You die...

.###...#
#....######## .#
#...####....#.......
....................
#######.........
##.####### #..# ##.#
#)# #@# #o# #{o ##.#
.. #.# .. #.#


You could see an orc warrior and an orc wizard.

Vanquished Creatures
  An orc warrior (D:6)
  3 orc priests
  7 orc wizards
  Crazy Yiuf (D:3)
  Terence (D:1)
  A worker ant (D:6)
  A hound zombie (D:4)
  A hound skeleton (D:6)
  10 adders
  An ooze (D:2)
  An adder skeleton (D:5)
  2 worms
  2 leopard geckos
  20 orcs
  4 ball pythons
  5 giant cockroaches
  11 goblins
  6 hobgoblins
  6 jackals (D:4)
  11 kobolds
  3 quokkas
  4 bats
  3 frilled lizards
  6 rats
111 creatures vanquished.

Vanquished Creatures (others)
  5 toadstools (D:6)
5 creatures vanquished.

Grand Total: 116 creatures vanquished

Notes
Turn   | Place    | Note
-------+----------+-------------------------------------------
     0 | D:1      | inc the Demonspawn Monk began the quest for the Orb.
     0 | D:1      | Reached XP level 1. HP: 18/18 MP: 1/1
   626 | D:1      | Gained mutation: When hurt, damage is shared between your health and your magic reserves. [demonic ancestry]
   626 | D:1      | Reached XP level 2. HP: 21/24 MP: 2/2
   769 | D:2      | Noticed Terence
   797 | D:1      | Killed Terence
   797 | D:1      | Reached XP level 3. HP: 3/29 MP: 3/3
  1112 | D:2      | Found a shimmering altar of Xom.
  1268 | D:2      | Reached skill level 1 in Armour
  1268 | D:2      | Gained mutation: You are partially covered in thin metallic scales. (AC +2) [demonic ancestry]
  1268 | D:2      | Reached XP level 4. HP: 8/35 MP: 2/4
  1793 | D:2      | Found a white marble altar of Elyvilon.
  1941 | D:2      | Found a radiant altar of Vehumet.
  1942 | D:2      | Found an iron altar of Okawaru.
  2371 | D:2      | Became a worshipper of Warmaster Okawaru
  2371 | D:2      | Reached * piety under Okawaru
  2371 | D:2      | Reached ** piety under Okawaru
  2545 | D:3      | Gained mutation: You have a pair of small horns on your head. [demonic ancestry]
  2545 | D:3      | Reached XP level 5. HP: 32/41 MP: 0/5
  3058 | D:3      | Reached skill level 3 in Maces & Flails
  3069 | D:3      | Gained mutation: Your flesh is cold resistant. (rC+) [demonic ancestry]
  3069 | D:3      | Reached XP level 6. HP: 9/47 MP: 1/6
  3426 | D:3      | Found an opulent altar of Gozag.
  3426 | D:3      | Found a glowing silver altar of Zin.
  3637 | D:3      | Reached skill level 4 in Maces & Flails
  3783 | D:3      | Found a runed door.
  3787 | D:3      | Noticed Crazy Yiuf
  3793 | D:3      | Killed Crazy Yiuf
  3859 | D:4      | Reached skill level 1 in Invocations
  3872 | D:4      | Found a staircase to the Ecumenical Temple.
  4988 | D:5      | Entered Level 5 of the Dungeon
  4998 | D:5      | Noticed Sigmund
  5151 | D:6      | Gained mutation: You regenerate magic rapidly. [demonic ancestry]
  5151 | D:6      | Reached XP level 7. HP: 52/52 MP: 9/9
  5331 | D:6      | Reached skill level 5 in Maces & Flails
  5335 | D:6      | Slain by an orc warrior

Skill      XL: |  1  2  3  4  5  6  7 |
---------------+----------------------+-----
Dodging        | 3 4 |  4.2
Armour         | 1 2 3 |  3.6
Maces & Flails | 3 4 5 |  5.1
Invocations    | 3 4 |  4.2
Fighting       | |  3.0
Stealth        | |  1.7

Action                   |  1- 3 |  4- 6 |  7- 9 || total
-------------------------+-------+-------+-------++-------
Melee: Mace              |   120 |   316 |    35 ||   471
       Headbutt          |       |    33 |     9 ||    42
Invok: Heroism           |       |     2 |       ||     2
  Use: Potion            |     1 |       |     3 ||     4
       Scroll            |       |     5 |       ||     5
 Stab: Sleeping          |     1 |       |       ||     1
  Eat: Chunk             |       |     8 |       ||     8
       Ration            |       |     2 |       ||     2
Armor: Robe              |     7 |       |       ||     7
       Chain mail        |    61 |   288 |    25 ||   374
Dodge: Dodged            |    71 |   103 |    12 ||   186
